 Dungeon Crawl Stone Soup version 0.31-a0-108-gdf935468f2 (webtiles) character file.

Game seed: 13484693360432322321

2506 pokeman the Thaumaturge (level 9, -1/49 HPs)
             Began as a Deep Elf Hedge Wizard on May 27, 2023.
             Was an Initiate of Vehumet.
             Succumbed to a water moccasin's poison
             ... on level 7 of the Dungeon.
             The game lasted 00:12:31 (7028 turns).

pokeman the Thaumaturge (Deep Elf Hedge Wizard)     Turns: 7028, Time: 00:12:31

Health: -1/49      AC:  2    Str:  7    XL:     9   Next: 28%
Magic:  20/26      EV: 13    Int: 30    God:    Vehumet [......]
Gold:   265        SH:  0    Dex: 17    Spells: 18/30 levels left

rFire   . . .        i - +5 sling "Jiduof" {drain, Will+ Dex+3}
rCold   . . .        (no shield)
rNeg    + . .        D - +0 robe {rN+}
rPois   .            c - +0 hat
rElec   .            (no cloak)
rCorr   .            (no gloves)
SInv    .            (no boots)
Will    +....        (no amulet)
Stlth   ++           x - +4 ring of slaying
HPRegen 0.28/turn    u - +6 ring of intelligence
MPRegen 0.20/turn

%: no passive effects
@: lethally poisoned (-1 -> -21)
A: no striking features
a: Renounce Religion


You were on level 7 of the Dungeon.
You worshipped Vehumet.
Vehumet was noncommittal.
You visited 2 branches of the dungeon, and saw 9 of its levels.

You collected 313 gold pieces.
You spent 48 gold pieces at shops.

Inventory:

Hand Weapons
 i - the +5 sling "Jiduof" (weapon) {drain, Will+ Dex+3}
   (You found it on level 2 of the Dungeon)

   Dex:       It affects your dexterity (+3).
   Will:      It increases your willpower.
 o - the +5 dagger of the Blind Eye {spect, Fragile Int+6}
   (You found it on level 2 of the Dungeon)

   Int:       It affects your intelligence (+6).
   Fragile:   It will be destroyed if unequipped.
 w - the +7 flail of Aquisone {drain, +Blink rPois Will+}
   (You found it on level 4 of the Dungeon)

   rPois:     It protects you from poison.
   +Blink:    It lets you blink.
   Will:      It increases your willpower.
Armour
 c - a +0 hat (worn)
 D - a +0 robe of positive energy (worn)
 H - a +0 kite shield
Jewellery
 r - an amulet of guardian spirit
 s - a +5 ring of evasion
 u - a +6 ring of intelligence (right hand)
 x - a +4 ring of slaying (left hand)
 y - a ring of willpower
 B - a +5 ring of evasion
Wands
 C - a wand of polymorph (8)
 E - a wand of charming (9)
Scrolls
 a - 5 scrolls of poison {unknown}
 e - 2 scrolls of enchant armour {unknown}
 f - 3 scrolls of identify {unknown}
 g - 5 scrolls of teleportation {unknown}
 p - a scroll of magic mapping {unknown}
 q - 3 scrolls of fear {unknown}
 v - a scroll of vulnerability {unknown}
 z - 3 scrolls of blinking {unknown}
 A - a scroll of silence {unknown}
 G - a scroll of immolation {unknown}
Potions
 b - a potion of lignification {unknown}
 d - a potion of magic
 h - 5 potions of curing
 j - a potion of invisibility {unknown}
 k - 2 potions of ambrosia {unknown}
 l - a potion of cancellation {unknown}
 m - 3 potions of enlightenment {unknown}
 n - a potion of attraction {unknown}
 t - 2 potions of mutation {unknown}
 F - a potion of heal wounds {unknown}


   Skills:
 + Level 2.9 Fighting
 - Level 3.0 Armour
 - Level 3.0 Dodging
 - Level 3.0 Stealth
 * Level 11.3 Spellcasting
 + Level 6.1 Conjurations
 + Level 5.4 Summonings
 - Level 1.1 Translocations
 - Level 1.0 Air Magic
 - Level 1.1 Poison Magic


You had 18 spell levels left.
You knew the following spells:

 Your Spells              Type           Power      Damage    Failure   Level
a - Magic Dart            Conj           100%       1d8       1%          1
b - Mephitic Cloud        Conj/Pois/Air  33%        N/A       3%          3
c - Call Imp              Summ           98%        N/A       1%          2
d - Blink                 Tloc           46%        N/A       3%          2
e - Iskenderun's Mystic   Conj/Tloc      38%        2d9       7%          4

Your spell library contained the following spells:

 Spells                   Type           Power      Damage    Failure   Level
 Dazzling Flash           Conj/Hex       70%        N/A       2%          3
 Hailstorm                Conj/Ice       35%        3d9       2%          3
 Beastly Appendage        Tmut           32%        N/A       3%          1
 Freeze                   Ice            64%        1d7       3%          1
 Slow                     Hex            64%        N/A       3%          1
 Cigotuvi's Dreadful Rot  Necr/Pois/Air  42%        N/A       3%          2
 Wereblood                Tmut           16%        N/A       4%          2
 Spider Form              Tmut/Pois      20%        N/A       8%          3
 Volatile Blastmotes      Fire/Tloc      40%        2d13      8%          3
 Fulminant Prism          Conj/Hex       17%        3d10      9%          4
 Frozen Ramparts          Ice            32%        1d5       10%         3
 Silence                  Hex/Air        10%        N/A       56%         5
 Agony                    Necr           16%        N/A       65%         5
 Lee's Rapid Deconstruct  Erth           8%         3d7*      65%         5


Dungeon Overview and Level Annotations

Branches:
Dungeon (8/15)             Temple (1/1) D:6
   Lair: D:8-11

Altars:
Ashenzari
Cheibriados
Dithmenos
Elyvilon
Fedhas
Gozag
Hepliaklqana
Kikubaaqudgha
Makhleb
Nemelex Xobeh
Okawaru
Qazlal
Ru
Sif Muna
Trog
Uskayaw
Vehumet
Wu Jian
Xom
Yredelemnul
Zin
The Shining One

Shops:
D:1 !   D:6 (


Message History

Aiming: Mephitic Cloud (dangerous; 3% risk of failure)
Press: ? - help, Shift-Dir - straight line, f - killer bee
Aim: a killer bee (chance to affect: 86%) That beam is likely to hit you.
Continue anyway?
The ball explodes into a vile cloud!
The stinking cloud engulfs the killer bee but does no damage.
The stinking cloud engulfs you but does no damage.
The stinking cloud engulfs the bullfrog but does no damage.
You are engulfed in noxious fumes.
You hear an angry hiss.
The killer bee is engulfed in noxious fumes.
The killer bee appears confused.
Something hits the killer bee.
The killer bee is engulfed in noxious fumes.
The killer bee appears confused.
The killer bee closely misses you.
Unknown command.
Unknown command.
The killer bee is engulfed in noxious fumes.
The killer bee appears confused.
The killer bee is engulfed in noxious fumes.
The killer bee appears confused.
The killer bee stings you!
Unknown command.
The killer bee is engulfed in noxious fumes.
The killer bee appears confused.
The bullfrog is engulfed in noxious fumes.
The bullfrog appears confused.
The bullfrog is engulfed in noxious fumes.
The bullfrog appears confused.
Something hits the water moccasin.
The killer bee barely misses you.
The killer bee stings itself.
There is a stone staircase leading up, spattered with blood here.
The killer bee stings you!
* * * LOW HITPOINT WARNING * * *
You are poisoned.
The killer bee poisons you! The water moccasin bites you.
* * * LOW HITPOINT WARNING * * *
You are more poisoned.
The water moccasin poisons you!
Your magical contamination has completely faded away.
You climb upwards.
You die...

##.##.~~~~## ### #.#
##.#.# #.##~~≈~≈≈##
#.# ##.##
#.##.~≈≈≈≈≈## #.# #.#
#.##~.~≈≈≈≈≈#≈#####.#
#.#
#.###..~≈≈≈≈≈≈##..#.#
#.## #.#
###########.....# #...
#.# ######........###
###. #.#
#...........### #<
#.###.####.##..@# #.
#.##(#.###.###..# #.
#.#.###.##.# #..# #.
##..## ##.#.# #..# #.
...## ##..# #..# #.
##..## ##.### #..# #.
.....###...# #..# #.
##.#..#..#.####..#####
####.
...##...#...##.......#
#....


There were no monsters in sight!

Vanquished Creatures
  Grinder (D:5)
  A wyvern (D:7)
  Menkaure (D:7)
  A water moccasin (D:7)
  2 black bears
  2 ice beasts (D:5)
  An ogre (D:5)
  2 kobold brigands
  3 bullfrogs
  2 scorpions
  A gnoll sergeant (D:7)
  5 wights (D:6)
  3 hounds
  3 orc priests
  5 jellies
  3 iguanas
  A sleepcap (D:6)
  2 orc wizards
  6 gnolls
  7 adders
  A shadow imp (D:6)
  A white imp (D:5)
  An ufetubus (D:4)
  2 worms (D:2)
  18 orcs
  4 ball pythons
  6 endoplasms
  A giant cockroach (D:1)
  10 goblins
  6 hobgoblins
  4 jackals
  11 kobolds
  8 quokkas
  3 bats
  3 frilled lizards
  9 rats
140 creatures vanquished.

Notes
Turn   | Place    | Note
-------+----------+-------------------------------------------
     0 | D:1      | pokeman the Deep Elf Hedge Wizard began the quest for the
                  | Orb.
     0 | D:1      | Reached XP level 1. HP: 10/10 MP: 7/7
   311 | D:1      | Reached XP level 2. HP: 16/16 MP: 6/9
   950 | D:1      | Reached skill level 5 in Spellcasting
   988 | D:1      | Found Riryojyl's Distillery.
   995 | D:1      | Bought a potion of degeneration for 12 gold pieces
  1125 | D:1      | Reached XP level 3. HP: 20/20 MP: 9/11
  1129 | D:1      | Learned a level 3 spell: Mephitic Cloud
  1132 | D:1      | Learned a level 2 spell: Call Imp
  1135 | D:1      | Learned a level 2 spell: Blink
  1346 | D:2      | Identified the +5 sling "Jiduof" {drain, Will+ Dex+3}
  1532 | D:2      | Reached skill level 1 in Armour
  1583 | D:2      | Reached skill level 1 in Fighting
  1731 | D:2      | Identified the +5 dagger of the Blind Eye {spect, Fragile
                  | Int+6}
  1755 | D:2      | Reached XP level 4. HP: 25/25 MP: 11/13
  2404 | D:3      | Found a sacrificial altar of Ru.
  2637 | D:3      | Found an iron altar of Okawaru.
  2742 | D:3      | Found a shimmering altar of Xom.
  2824 | D:4      | Reached skill level 6 in Spellcasting
  2873 | D:4      | Found a glowing golden altar of the Shining One.
  2879 | D:4      | Found a blossoming altar of Fedhas.
  2881 | D:4      | Found a bloodstained altar of Trog.
  2987 | D:4      | Reached XP level 5. HP: 29/29 MP: 15/15
  3052 | D:4      | Reached skill level 1 in Air Magic
  3052 | D:4      | Reached skill level 1 in Poison Magic
  3329 | D:4      | Identified the +7 flail of Aquisone {drain, +Blink rPois
                  | Will+}
  3799 | D:1      | Bought a potion of curing for 36 gold pieces
  3890 | D:5      | Entered Level 5 of the Dungeon
  4021 | D:5      | Reached XP level 6. HP: 34/34 MP: 17/17
  4075 | D:5      | Found a sparkling altar of Nemelex Xobeh.
  4093 | D:5      | Noticed Grinder
  4099 | D:5      | Paralysed by Grinder for 3 turns
  4116 | D:5      | Killed Grinder
  4117 | D:5      | Reached skill level 7 in Spellcasting
  4231 | D:5      | Noticed an ice beast
  4235 | D:5      | Killed an ice beast
  4236 | D:5      | Reached XP level 7. HP: 40/40 MP: 20/20
  4296 | D:5      | Reached skill level 8 in Spellcasting
  4678 | D:6      | Reached XP level 8. HP: 37/44 MP: 22/22
  4742 | D:6      | Reached skill level 9 in Spellcasting
  4798 | D:6      | Found a staircase to the Ecumenical Temple.
  4807 | Temple   | Entered the Ecumenical Temple
  4807 | Temple   | Found a transporter.
  4807 | Temple   | Found a transporter.
  4811 | Temple   | Found a transporter.
  4811 | Temple   | Found a transporter.
  4835 | Temple   | Became a worshipper of Vehumet
  4941 | D:6      | Found Pock's Hydra Hut.
  4943 | D:6      | Noticed a seven-headed hydra
  4998 | D:6      | Learned a level 4 spell: Iskenderun's Mystic Blast
  5022 | D:6      | Reached skill level 5 in Conjurations
  5371 | D:6      | Found a shadowy altar of Dithmenos.
  5557 | D:6      | Reached skill level 10 in Spellcasting
  6129 | D:7      | Reached XP level 9. HP: 49/49 MP: 25/25
  6237 | D:7      | Reached skill level 5 in Summonings
  6313 | D:7      | Noticed Menkaure
  6324 | D:7      | Killed Menkaure
  6325 | D:7      | Reached skill level 11 in Spellcasting
  6886 | D:7      | Found a glowing silver altar of Zin.
  7028 | D:7      | Succumbed to a water moccasin's poison

Illustrated notes

Levels and vault maps discovered:
D:1:      lemuel_arrival_behind_the_door_large, layout_loops_cross,
          serial_shops, nicolae_shop_industrial_runoff, chequers_mini_garden
D:2:      layout_rooms, minmay_tetromino_i2
D:3:      layout_basic, mainiacjoe_overflow_alcove_2, marbit_many_paths,
          nicolae_ru_the_path_less_chosen
D:4:      layout_basic, minitemple
D:5:      layout_loops_cross, mainiacjoe_overflow_tiny_flanked, minmay_between,
          uniq_grinder
D:6:      layout_loops_ring, overflow_temple_1_default,
          minmay_temple_entry_waves, minmay_misc_feat_rows,
          doesnt_shop_hydraphobe
D:7:      layout_loops_ring, kennysheep_little_box, serial_glass,
          glass_columns_b, glass_columns_a, chequers_serial_rivers_large_a,
          abandoned_shop, uniq_menkaure
D:8:      layout_layer_cave, serial_shops, nicolae_shop_back_alley_shop,
          nicolae_shop_tiny_statue_garden, shop, shop, enter_bailey_4,
          amcnicky_mini_pool_medium
Temple:   hellmonk_temple_divided_pantheon

Skill      XL: |  1  2  3  4  5  6  7  8  9 |
---------------+----------------------------+-----
Spellcasting   | 5 6 7 8 10 11 | 11.3
Armour         | 1 2 3 |  3.0
Fighting       | 1 2 |  2.9
Conjurations   | 2 3 4 5 6 |  6.1
Dodging        | 3 |  3.0
Stealth        | 3 |  3.0
Air Magic      | 1 |  1.0
Poison Magic   | 1 |  1.1
Summonings     | 2 3 4 5 |  5.4
Translocations | |  1.1

Action                     |  1- 3 |  4- 6 |  7- 9 || total
---------------------------+-------+-------+-------++-------
   Fire: Sling             |    30 |    91 |   144 ||   265
   Cast: Magic Dart        |    79 |     2 |    12 ||    93
         Mephitic Cloud    |       |     3 |     3 ||     6
         Call Imp          |       |     1 |     5 ||     6
         Blink             |       |     1 |     1 ||     2
         Iskenderun's Myst |       |       |     2 ||     2
 Armour: Robe              |     6 |     2 |     5 ||    13
  Dodge: Dodged            |    16 |    11 |    46 ||    73

Table legend: (Time is in decaauts)
 A = Elapsed time spent in this place.
 B = Non-inter-level travel time spent in this place.
 C = Inter-level travel time spent in this place.
 D = Time resting spent in this place.
 E = Time spent auto-exploring this place.
 F = Levels seen in this place.
 G = Mean time per level.
                   A        B        C        D        E       F      G
               +--------+--------+--------+--------+--------+-----+--------+
         Total |   7147 |   6642 |    505 |     40 |   5639 |   9 |  794.1 |
       Dungeon |   7098 |   6593 |    505 |     40 |   5639 |   8 |  887.2 |
        Temple |     48 |     48 |      0 |      0 |      0 |   1 |   48.0 |
               +--------+--------+--------+--------+--------+-----+--------+

Top non-repeatable levels by time:
     D:1: 1360 daAuts
     D:6: 1177 daAuts
     D:7: 1173 daAuts
     D:4: 1035 daAuts
     D:3: 847 daAuts
     D:5: 740 daAuts
     D:2: 721 daAuts
  Temple: 48 daAuts
     D:8: 42 daAuts
